 Dungeon Crawl Stone Soup version 0.21-a0-251-g5e8393f (webtiles) character file.

4 tidbits the Bolt Thrower (level 1, 0/16 HPs)
             Began as a Demigod Wanderer on Sept 5, 2017.
             Slain by a giant cockroach (2 damage)
             ... on level 1 of the Dungeon.
             The game lasted 00:01:00 (72 turns).

tidbits the Bolt Thrower (Demigod Wanderer)           Turns: 72, Time: 00:01:00

Health: 0/16       AC:  5    Str: 12    XL:     1   Next: 40%
Magic:  4/4        EV:  7    Int: 17    God:
Gold:   10         SH:  8    Dex: 17    Spells: 2/2 levels left

rFire    . . .     SeeInvis .   a - +0 dagger
rCold    . . .     Gourm    .   D - +0 shield
rNeg     . . .     Faith    .   B - +0 ring mail
rPois    .         Spirit   .   (no helmet)
rElec    .         Reflect  .   (no cloak)
rCorr    .         Harm     .   (no gloves)
MR       .....                  (no boots)
Stlth    +.........             (no amulet)
HPRegen  0.05/turn              d - ring of wizardry
MPRegen  0.09/turn              (no ring)

@: no status effects
A: high mp 1
a: no special abilities


You were on level 1 of the Dungeon.
You were not hungry.

You visited 1 branch of the dungeon, and saw 1 of its levels.

You collected 10 gold pieces.

Inventory:

Hand Weapons
 a - a +0 dagger (weapon)
Armour
 B - a +0 ring mail (worn)
 D - a +0 shield (worn)
Jewellery
 d - a ring of wizardry (left hand)
   (You found it on level 1 of the Dungeon)
Potions
 b - a potion of degeneration {unknown}
Books
 c - Sif Muna's Tome of Feathers

   Spells                             Type                      Level
   a - Swiftness                      Charms/Air                   2
   b - Poisonous Vapours              Poison/Air                   2
Comestibles
 f - 2 bread rations


   Skills:
 + Level 1.0 Fighting
   Level 2.6 Crossbows
 - Level 1.7 Armour
 - Level 1.7 Shields
 - Level 1.0 Spellcasting
   Level 1.7 Air Magic


You had 2 spell levels left.
You didn't know any spells.

Dungeon Overview and Level Annotations

Branches:
Dungeon (1/15)


Innate Abilities, Weirdness & Mutations

You have an increased reservoir of magic. (+10% MP)


Message History

d - a +0 dagger (weapon)
Adjust to which letter? (? for menu, Esc to quit)
a - a +0 dagger (weapon);
d - a ring of wizardry (left hand)
Found a white potion.
Found an escape hatch in the floor.
b - a white potion
Found 10 gold pieces.
You now have 10 gold pieces.
You open the door.
A bat, a rat and 2 kobolds come into view.
The kobold shouts! x2
You block the bat's attack.
Found a bread ration.
You hit the bat.
The bat is moderately wounded.
The bat hits you but does no damage.
The kobold throws a stone.
The stone closely misses you.
You hit the bat.
You kill the bat!
The kobold throws a stone.
The stone hits you but does no damage.
You see here a bat corpse.
You hit the kobold.
The kobold is moderately wounded.
The kobold hits you. x2
You barely miss the kobold.
The kobold is moderately wounded.
The kobold barely misses you.
You barely miss the kobold.
The kobold is moderately wounded.
The kobold closely misses you.
You closely miss the kobold.
The kobold is moderately wounded.
The kobold completely misses you.
You closely miss the kobold.
The kobold is moderately wounded.
You block the kobold's attack.
You hit the kobold.
The kobold is heavily wounded.
The kobold hits you.
You are too injured to fight recklessly!
You are too injured to fight recklessly!
You are too injured to fight recklessly!
You are too injured to fight recklessly!
You are too injured to fight recklessly!
You are too injured to fight recklessly!
You are too injured to fight recklessly!
You barely miss the kobold.
The kobold is heavily wounded.
The kobold hits you.
* * * LOW HITPOINT WARNING * * *
You closely miss the kobold.
The kobold is moderately wounded.
You block the kobold's attack.
You hit the kobold.
The kobold is heavily wounded.
The kobold closely misses you.
You barely miss the kobold.
The kobold is heavily wounded.
The kobold hits you.
* * * LOW HITPOINT WARNING * * *
You hit the kobold.
You kill the kobold!
You hit the kobold.
The kobold is moderately wounded.
You block the kobold's attack.
You barely miss the kobold.
The kobold is moderately wounded.
You block the kobold's attack.
You completely miss the kobold.
The kobold is moderately wounded.
The kobold closely misses you. The kobold hits you with a dagger.
* * * LOW HITPOINT WARNING * * *
You hit the kobold but do no damage.
The kobold is moderately wounded.
You block the kobold's attack.
You barely miss the kobold.
The kobold is moderately wounded.
The kobold hits you but does no damage.
You hit the kobold.
You kill the kobold!
You hit the rat.
You kill the rat!
Your Fighting skill increases to level 1!
There is an open door here.
You see here a dagger.
f - 2 bread rations (gained 1)
You open the door.
A giant cockroach and a kobold come into view.
The kobold shouts!
Found 4 fruits.
The kobold throws a stone.
The stone hits you but does no damage.
Found an embroidered robe.
There is an open door here.
You see here a stone.
Your shield and ring mail prevent you from hitting the giant cockroach.
The giant cockroach bites you but does no damage.
You hit the giant cockroach but do no damage.
You block the giant cockroach's attack.
You hit the giant cockroach but do no damage.
The giant cockroach bites you.
You die...

.. #. #. . ####. .. ##+##
#.... ..[ ##...## #.##.
.... ##.....## #.##.
..... ##.......## #..#.
......##@........####....
......Ks.........)†(..(..
.%..####.........####>..#
. ##.......## #....
##.....## #.### ##...##
#.# # ##+## #.# . #....
###.


You could see a giant cockroach and a kobold.

Vanquished Creatures
  A bat (D:1)
  2 kobolds (D:1)
  A rat (D:1)
4 creatures vanquished.

Notes
Turn   | Place    | Note
-------+----------+-------------------------------------------
     0 | D:1      | tidbits the Demigod Wanderer began the quest for the Orb.
     0 | D:1      | tidbits set off with: a +0 shield, a +0 ring mail, Sif Muna's Tome of Feathers, a +0 dagger, a bread ration
     0 | D:1      | Reached XP level 1. HP: 14/14 MP: 4/4
     0 | D:1      | Identified Sif Muna's Tome of Feathers
    51 | D:1      | HP: 1/15 [kobold/dagger (4)]
    55 | D:1      | Reached skill level 1 in Fighting
    72 | D:1      | Slain by a giant cockroach

Vault maps used:
D:1:      dpeg_arrival_tiny_a

Skill      XL: |  1 |
---------------+----+-----
Fighting       | 1 |  1.0
Crossbows      | |  2.6
Armour         | |  1.7
Shields        | |  1.7
Spellcasting   | |  1.0
Air Magic      | |  1.7

Action                   || total
-------------------------++-------
Melee: Dagger            ||    23
Armor: Ring mail         ||     3
Dodge: Dodged            ||     6
Block: Shield            ||     7

Table legend:
 A = Spawn XP
 B = Non-spawn XP
 C = Spawn XP percentage of total XP
 D = Spawn monster count
 E = Non-spawn monster count
 F = Spawn count percentage of total count
 G = Total turns spent on level
                    A         B        C        D         E        F      G
               +---------+---------+-------+---------+---------+-------+---------
         Total |       0 |       6 |   0.0 |       0 |       4 |   0.0 |    72
               +---------+---------+-------+---------+---------+-------+---------
           D:1 |       0 |       6 |   0.0 |       0 |       4 |   0.0 |    72
               +---------+---------+-------+---------+---------+-------+---------

Table legend:
 A = Turns spent in this place as a percentage of turns spent in the entire game.
 B = Non-inter-level travel turns spent in this place as a percentage of non-inter-level travel turns spent in the entire game.
 C = Inter-level travel turns spent in this place as a percentage of turns spent in this place.
 D = Turns resting spent in this place as a percentage of non-inter-level travel turns spent in this place.
 E = Turns spent auto-exploring this place as a percentage of non-inter-level travel turns spent in this place.
 F = Non-inter-level travel turns spent in this place divided by the number of levels of this place that you've seen.
                   A       B       C       D       E      F
               +-------+-------+-------+-------+-------+----------------------
         Total | 100.0 | 100.0 |   0.0 |   0.0 |   0.0 |  72.0
       Dungeon | 100.0 | 100.0 |   0.0 |   0.0 |   0.0 |  72.0
               +-------+-------+-------+-------+-------+----------------------

Table legend:
 A = Kills in this place as a percentage of kills in entire the game.
 B = Kills by you in this place as a percentage of kills by you in the entire game.
 C = Kills by friends in this place as a percentage of kills by friends in the entire game.
 D = Other kills in this place as a percentage of other kills in the entire game.
 E = Experience gained in this place as a percentage of experience gained in the entire game.
 F = Experience gained in this place divided by the number of levels of this place that you have seen.
                   A       B       C       D       E      F
               +-------+-------+-------+-------+-------+----------------------
         Total | 100.0 | 100.0 |   N/A |   N/A | 100.0 |   6.0
       Dungeon | 100.0 | 100.0 |   N/A |   N/A | 100.0 |   6.0
               +-------+-------+-------+-------+-------+----------------------

Vault maps used:
D:1:      dpeg_arrival_tiny_a
